 Dungeon Crawl Stone Soup version 0.18-b1-16-g289874d (webtiles) character file.

187 Wooh the Skirmisher (level 5, 0/50 HPs)
             Began as a Draconian Hunter on May 1, 2016.
             Was an Initiate of Dithmenos.
             Killed from afar by Sigmund (2 damage)
             ... with a magic dart
             ... on level 3 of the Dungeon.
             The game lasted 00:06:41 (2454 turns).

Wooh the Skirmisher (Draconian Hunter)              Turns: 2454, Time: 00:06:41

Health: 0/50       AC:  5    Str: 15    XL:     5   Next: 39%
Magic:  5/5        EV: 17    Int: 11    God:    Dithmenos [......]
Gold:   140        SH:  0    Dex: 17    Spells: 0 memorised, 4 levels left

rFire  . . .     SeeInvis .     b - +0 short sword
rCold  . . .     Gourm    .     (armour unavailable)
rNeg   . . .     Faith    .     (no shield)
rPois  .         Spirit   .     (helmet restricted)
rElec  .         Dismiss  .     (no cloak)
rCorr  .         Reflect  .     (no gloves)
SustAt .         Harm     .     (no boots)
MR     .....                    (no amulet)
Stlth  +++.......               (no ring)
                                (no ring)

@: agile, not resistant to hostile enchantments, fairly stealthy
A: unfitting armour, beak, horns 1, deterioration 1, cold-blooded, AC +5
a: Renounce Religion


You were on level 3 of the Dungeon.
You worshipped Dithmenos.
Dithmenos was noncommittal.
You were hungry.

You visited 1 branch of the dungeon, and saw 3 of its levels.

You collected 140 gold pieces.

Inventory:

Hand Weapons
 a - a +1 shortbow
 b - a +0 short sword (weapon)
Missiles
 c - 57 arrows
Scrolls
 e - 2 scrolls of enchant weapon {unknown}
 f - 2 scrolls of identify {unknown}
 h - 4 scrolls of remove curse {unknown}
 j - a scroll of immolation {unknown}
 l - a scroll of fog {unknown}
 n - a scroll of noise {unknown}
Potions
 g - a potion of mutation
 i - a potion of agility
 k - 2 potions of heal wounds {unknown}
 m - a potion of magic {unknown}
 o - a potion of curing {unknown}
 p - a potion of degeneration {unknown}
Comestibles
 d - 2 bread rations
 q - 2 chunks of flesh
 r - a meat ration


   Skills:
 - Level 6.3 Fighting
 + Level 3.6 Bows
 - Level 1.7 Dodging
 - Level 0.8 Stealth


You had 4 spell levels left.
You didn't know any spells.

Dungeon Overview and Level Annotations

Branches:
Dungeon (3/15)

Altars:
Dithmenos
Elyvilon
Kikubaaqudgha
Nemelex Xobeh
Vehumet
Zin

Annotations:
D:3 Sigmund


Innate Abilities, Weirdness & Mutations

Your plain brown scales are hard (AC +5).
Your body does not fit into most forms of armour.
You are cold-blooded and may be slowed by cold attacks.
You have a beak for a mouth.
You have a pair of small horns on your head.
Your body sometimes deteriorates upon taking damage.


Message History

Something barely misses you.
Wield which item (- for none, * to show all)? (? for menu, Esc to quit)
b - a +0 short sword (weapon)
You are feeling hungry.
You miss something. Your peck misses something. Something hits you.
You barely miss something. You headbutt something.
Your tail-slap misses something.
Something hits you.
* * * LOW HITPOINT WARNING * * *
You're too confused to move!
Something hits you!
* * * LOW HITPOINT WARNING * * *
You bump into the rock wall.
Something hits you.
* * * LOW HITPOINT WARNING * * *
Drink which item? (? for menu, Esc to quit)
It was a potion of agility.
You feel agile all of a sudden.
You feel less confused.
You hear some strange, mumbled words.
A magic dart appears from out of thin air!
The magic dart hits you!
You die...

....##.####..........
###......##......#.##
#.........####.#.##
#......##.....<#..#
#......##..........
#.........#######.#
#.......### #..
##########{......####
#.
#........((@.....>..#
##
#........##.........#
##
#......!>##.........#
...
#...(....##.........#..
##<
#......<.##............
...
#...................##.
####
#......@.##............
.
#........##...........#
##
#................######


There were no monsters in sight!

Vanquished Creatures
  A crimson imp (D:3)
  An orc priest (D:3)
  Ijyb (D:3)
  2 adders
  An ooze (D:2)
  A dart slug (D:1)
  7 giant geckos
  2 orcs
  2 ball pythons
  6 bats
  2 giant cockroaches
  7 goblins
  12 hobgoblins
  4 jackals (D:1)
  A kobold (D:2)
  A quokka (D:2)
  3 giant newts (D:1)
  5 rats
59 creatures vanquished.

Notes
Turn   | Place    | Note
--------------------------------------------------------------
     0 | D:1      | Wooh the Draconian Hunter began the quest for the Orb.
     0 | D:1      | Reached XP level 1. HP: 17/17 MP: 1/1
    72 | D:1      | Reached skill level 3 in Fighting
   109 | D:1      | Reached XP level 2. HP: 21/26 MP: 2/2
   420 | D:1      | Reached XP level 3. HP: 17/33 MP: 3/3
   429 | D:1      | Reached skill level 4 in Fighting
   871 | D:2      | Found a sparkling altar of Nemelex Xobeh.
  1032 | D:2      | Found a radiant altar of Vehumet.
  1350 | D:2      | Found a white marble altar of Elyvilon.
  1413 | D:2      | Found a shadowy altar of Dithmenos.
  1416 | D:2      | Found an ancient bone altar of Kikubaaqudgha.
  1416 | D:2      | Found a glowing silver altar of Zin.
  1419 | D:2      | Reached XP level 4. HP: 38/41 MP: 4/4
  1434 | D:2      | Became a worshipper of Dithmenos the Shadowed
  1572 | D:3      | Reached skill level 5 in Fighting
  1860 | D:3      | Reached XP level 5. HP: 34/50 MP: 5/5
  2123 | D:3      | Noticed Sigmund
  2163 | D:3      | Noticed Ijyb
  2197 | D:3      | Killed Ijyb
  2197 | D:3      | Reached skill level 6 in Fighting
  2445 | D:3      | Gained mutation: Your body sometimes deteriorates upon taking damage. [potion of mutation]
  2445 | D:3      | Gained mutation: You have a pair of small horns on your head. [potion of mutation]
  2445 | D:3      | Gained mutation: You have a beak for a mouth. [potion of mutation]
  2453 | D:3      | HP: 2/50 [something (1)]
  2454 | D:3      | Killed from afar by Sigmund

Skill      XL: |  1  2  3  4  5 |
---------------+----------------+-----
Fighting       | 3 4 5 6 |  6.3
Bows           | |  3.6
Dodging        | |  1.7
Stealth        | |  0.8

Action                   |  1- 3 |  4- 6 || total
-------------------------+-------+-------++-------
Melee: Short sword       |   158 |   165 ||   323
       Tailslap          |    20 |    26 ||    46
       Headbutt          |       |     1 ||     1
 Fire: Shortbow          |     3 |    20 ||    23
  Use: Potion            |       |     2 ||     2
 Stab: Sleeping          |     2 |       ||     2
  Eat: Chunk             |     2 |     3 ||     5
Armor: Skin              |    60 |    35 ||    95
Dodge: Dodged            |   121 |    93 ||   214
